 Dungeon Crawl Stone Soup version 0.21-a0-163-g3aa3f5d (webtiles) character file.

198883 Croanthos the Devastator (level 17, -2/93 HPs)
             Began as a Deep Elf Conjurer on Aug 3, 2017.
             Was the Champion of Vehumet.
             Slain by shinji's ghost (6 damage)
             ... on level 1 of the Snake Pit on Aug 5, 2017.
             The game lasted 07:05:44 (33593 turns).

Croanthos the Devastator (Deep Elf Conjurer)       Turns: 33593, Time: 07:05:45

Health: -2/93      AC:  8    Str:  5    XL:     17   Next: 82%
Magic:  0/47       EV: 25    Int: 37    God:    Vehumet [******]
Gold:   2284       SH:  0    Dex: 28    Spells: 9/46 levels left

rFire    . . .     SeeInvis .   F - +7 spear of Karma {protect, rElec rPois Int+2 Dex+6}
rCold    . . .     Gourm    .   (no shield)
rNeg     . . .     Faith    .   a - +0 robe
rPois    +         Spirit   +   B - +2 helmet
rElec    +         Reflect  .   l - scarf {Spirit}
rCorr    .         Harm     .   (no gloves)
MR       +....                  Q - +2 pair of boots {Fly}
Stlth    +++.......             h - amulet of regeneration
HPRegen  0.65/turn              i - +5 ring of dexterity
MPRegen  0.30/turn              x - ring of the Devil {*Drain MP+9 Int+7 Dex+2 Slay+3}

@: flying
A: no striking features
}: 1/15 runes: decaying
a: Renounce Religion, Stop Flying


You were on level 1 of the Snake Pit.
You worshipped Vehumet.
Vehumet was exalted by your worship.
You were not hungry.

You visited 6 branches of the dungeon, and saw 29 of its levels.
You also visited: Labyrinth and Ice Cave.

You collected 3409 gold pieces.
You spent 1125 gold pieces at shops.

Inventory:

Hand Weapons
 F - the +7 spear of Karma (weapon) {protect, rElec rPois Int+2 Dex+6}
   (You found it on level 14 of the Dungeon)

   It protects the one who uses it against injury (+AC on strike).
   It affects your intelligence (+2).
   It affects your dexterity (+6).
   It insulates you from electricity.
   It protects you from poison.
Armour
 a - a +0 robe (worn)
 l - a scarf of spirit shield (worn)
 B - a +2 helmet (worn)
 Q - a +2 pair of boots of flying (worn)
 S - a +0 shield of cold resistance
 X - the +3 steam dragon scales "Veinocevua" {rC- Int+3 Dex+2 Slay+4}
   (You bought it in a shop on level 2 of the Orcish Mines)

   It affects your intelligence (+3).
   It affects your dexterity (+2).
   It affects your accuracy and damage with ranged weapons and melee attacks
   (+4).
   It makes you vulnerable to cold.
Jewellery
 h - an amulet of regeneration (around neck)
 i - a +5 ring of dexterity (left hand)
 q - an uncursed ring of protection from fire
 s - a cursed amulet of inaccuracy {unknown}
 w - the ring of Liberalism {Ice rElec Str+2 SInv}
   (You found it in an ice cave)

   [ring of ice]

   It enhances your ice magic.
   It affects your strength (+2).
   It makes you vulnerable to fire.
   It protects you from cold.
   It insulates you from electricity.
   It lets you see invisible.
 x - the ring of the Devil (right hand) {*Drain MP+9 Int+7 Dex+2 Slay+3}
   (You acquired it on level 11 of the Dungeon)

   [ring of magical power]

   It affects your intelligence (+7).
   It affects your dexterity (+2).
   It affects your accuracy and damage with ranged weapons and melee attacks
   (+3).
   It affects your magic capacity (+9).
   It causes draining when unequipped.
Scrolls
 d - 13 scrolls of identify
 f - 5 scrolls of recharging
 g - 13 scrolls of remove curse
 k - 8 scrolls of amnesia
 m - 8 scrolls of enchant armour
 o - 3 scrolls of magic mapping
 p - 3 scrolls of enchant weapon
 u - 8 scrolls of teleportation
 y - a scroll of blinking
 D - a scroll of silence
 H - a scroll of immolation {unknown}
 I - 2 scrolls of fear {unknown}
 T - a scroll of summoning
 U - 3 scrolls of acquirement
 V - 2 scrolls of fog
 Y - a scroll of noise {unknown}
Potions
 n - 2 potions of might
 r - 3 potions of ambrosia
 t - 7 potions of curing
 A - 3 potions of haste
 C - 3 potions of brilliance
 E - 3 potions of heal wounds
 G - 3 potions of agility
 J - a potion of cancellation
 K - 3 potions of mutation
 M - 2 potions of flight
 R - a potion of invisibility
Comestibles
 c - 15 bread rations
 j - 24 meat rations
 v - 3 royal jellies
 N - 23 fruits


   Skills:
 - Level 6.1 Fighting
 - Level 12.0 Dodging
 - Level 2.4 Stealth
 - Level 15.0 Spellcasting
 - Level 20.0 Conjurations
 - Level 15.0 Hexes
 - Level 4.0 Charms
 - Level 3.0 Translocations
 + Level 17.0 Fire Magic
 - Level 4.0 Ice Magic


You had 9 spell levels left.
You knew the following spells:

 Your Spells              Type           Power        Failure   Level  Hunger
a - Orb of Destruction    Conj           ########..   1%          7    ####...
b - Searing Ray           Conj           ######       0%          2    None
c - Fulminant Prism       Conj/Hex       ########..   0%          4    None
d - Iskenderun's Mystic   Conj           ########     0%          4    None
e - Force Lance           Conj/Tloc      #######.     1%          4    None
f - Blink                 Tloc           N/A          1%          2    None
g - Fireball              Conj/Fire      ########..   0%          5    None
h - Ozocubu's Armour      Chrm/Ice       ######..     1%          3    None
i - Bolt of Fire          Conj/Fire      ########..   1%          6    None


Dungeon Overview and Level Annotations

Branches:
Dungeon (15/15)            Temple (1/1) D:6            Lair (6/6) D:10
  Swamp (4/4) Lair:3        Snake (1/4) Lair:4        Slime (0/5) Lair:5
    Orc (2/2) D:9             Elf (0/3) Orc:2        Vaults (0/5) D:14
 Depths (0/5) D:15

Altars:
Ashenzari
Cheibriados
Dithmenos
Elyvilon
Fedhas
Gozag
Hepliaklqana
Kikubaaqudgha
Makhleb
Nemelex Xobeh
Okawaru
Qazlal
Ru
Sif Muna
Trog
Uskayaw
Vehumet
Wu Jian
Xom
Yredelemnul
Zin
The Shining One

Shops:
D:4 (   D:6 =   D:12 (   Orc:2 [*%*

Annotations:
D:4 exclusion: centaur
D:11 Snorg; THUG4L1F3's ghost, journeyman MiGl
Snake:1 shinji's ghost, adept HuMo


Message History

Confirm with . or Enter, or press ? or * to list all spells.
Aiming: Force Lance
Press: ? - help, Shift-Dir - straight line The lance of force hits shinji's ghost.
Shinji's ghost is moderately damaged.
Shinji's ghost hits you. Shinji's ghost burns you.
Casting: Force Lance
Confirm with . or Enter, or press ? or * to list all spells.
Aiming: Force Lance
Press: ? - help, Shift-Dir - straight line, f - shinji's ghost
Aim: shinji's ghost, wielding a weapon of flaming (moderately damaged)
The lance of force misses shinji's ghost.
Shinji's ghost hits you!!
* * * LOW HITPOINT WARNING * * *
Shinji's ghost burns you.
* * * LOW HITPOINT WARNING * * *
Shinji's ghost hits you!!
* * * LOW HITPOINT WARNING * * *
Shinji's ghost burns you!
You die...

......#..............
.#...................
.##............##...#
#.#....#.............
#.#..................
#.#.........#.######.
#.#.........#.#######
#.#.........#.#......
#...@...#...#.#......
#....W...#..#........
##........#..#.>......
#.........#..#........
#........[...#........
#............#........
#.........[..#........
#.....................
#.............)().....


You could see shinji's ghost.

Vanquished Creatures
  Bai Suzhen (Swamp:3)
  Nikola (Swamp:4)
  Jorgrun (Swamp:2)
  2 thorn hunters (Swamp:4)
  A frost giant (IceCv)
  Aizul (Snake:1)
  2 stone giants
  Nessos (Lair:5)
  An ettin (D:15)
  A minotaur (Lab)
  3 ogre magi
  The ghost of DoubleByte the Stickfighter, a journeyman DsGl of Hepliaklqana (D:12)
  A rakshasa (D:15)
  3 ice dragons (Swamp:4)
  16 hydras
  Harold (Lair:2)
  4 ghost crabs
  The ghost of blobert the Severer, a journeyman MiBe of Trog (Orc:2)
  4 naga warriors (Snake:1)
  Erolcha (D:9)
  A death knight (D:14)
  15 two-headed ogres
  7 alligators
  An anaconda (Snake:1)
  5 centaur warriors
  10 death yaks
  Urug (Orc:1)
  5 naga sharpshooters (Snake:1)
  A tengu warrior (D:11)
  The ghost of charan the Grappler, a novice TrHu of Okawaru (D:8)
  Sonja (D:14)
  The ghost of Charmandara the Grappler, a novice DrTm (D:7)
  5 skeletal warriors
  5 unseen horrors
  2 spriggan druids (Swamp:4)
  A deep elf archer (D:14)
  2 deep trolls (Orc:2)
  A wizard (D:14)
  A naga ritualist (Snake:1)
  3 phantasmal warriors
  5 deep elf magi
  11 ugly things
  2 mana vipers (Snake:1)
  9 cyclopes
  4 manticores
  A salamander (Snake:1)
  4 elephants (Lair:6)
  4 naga magi (Snake:1)
  Joseph (D:10)
  2 centaur zombies
  10 black mambas
  3 kobold demonologists
  18 spiny frogs
  6 yaktaurs
  A torpor snail (Lair:6)
  2 rime drakes
  8 gargoyles
  10 komodo dragons
  A tengu conjurer (D:15)
  3 meliai (D:13)
  27 polar bears
  8 freezing wraiths
  16 trolls
  A minotaur skeleton (Lab)
  29 slime creatures
  9 bog bodies
  Grinder (D:6)
  A tyrant leech (Swamp:1)
  5 hornets
  10 dream sheep
  3 raiju (Lair:6)
  4 hippogriffs
  29 blink frogs
  A redback (Lab)
  4 wraiths
  4 shadows
  A vampire (D:13)
  2 spriggans
  3 water elementals (D:14)
  2 humans (Lair:5)
  4 wyverns
  75 yaks
  14 basilisks
  6 hungry ghosts
  21 vampire mosquitoes
  3 swamp worm simulacra (Swamp:4)
  11 insubstantial wisps
  14 nagas
  5 wargs
  25 swamp worms
  A soldier ant (D:11)
  2 acid dragons (D:13)
  The ghost of gressup the Chiller, an amateur OpIE of Kikubaaqudgha (D:4)
  17 hydra simulacra (Swamp:4)
  11 water moccasins
  14 hell hounds (Lair:6)
  3 porcupines
  16 orc warriors
  8 ice beasts
  An eye of draining (D:9)
  A hornet zombie (D:8)
  6 swamp drakes
  12 black bears
  3 sky beasts
  16 centaurs
  A boggart (D:14)
  40 wolves
  29 ogres
  A necrophage (D:9)
  12 crocodiles
  13 big kobolds
  An earth elemental (Lab)
  14 bullfrogs
  3 scorpions
  11 killer bees
  3 wights (D:7)
  2 howler monkeys (D:9)
  5 electric eels
  2 bullfrog zombies (D:9)
  7 crimson imps
  2 quasits (D:8)
  14 orc priests
  9 hounds
  5 jellies
  2 bullfrog skeletons
  3 centaur skeletons
  Terence (D:3)
  6 iguanas
  21 orc wizards
  9 worker ants
  A centaur simulacrum (D:11)
  A bullfrog simulacrum (D:11)
  2 hound skeletons
  A worker ant zombie (D:5)
  A howler monkey skeleton (D:11)
  16 adders
  10 gnolls
  3 shadow imps
  16 white imps
  2 worker ant simulacra
  An ufetubus (D:11)
  An ooze (D:2)
  5 swamp drake simulacra (Swamp:4)
  A worm (D:4)
  A dart slug (D:1)
  11 leopard geckos
  75 orcs
  8 bats
  6 giant cockroaches
  8 goblins
  9 hobgoblins
  7 jackals
  3 quokkas
  8 frilled lizards
  A jackal skeleton (D:4)
  55 kobolds
  2 leopard gecko skeletons
  A quokka zombie (D:7)
  11 rats
  10 fungi
  6 plants
1170 creatures vanquished.

Vanquished Creatures (others)
  A thorn hunter (Swamp:4)
  A hydra (Swamp:4)
  A ghost crab (Swamp:3)
  4 alligators (Swamp:4)
  A tyrant leech (Swamp:4)
  A polar bear (IceCv)
  A briar patch (Swamp:4)
  546 fulminant prisms
  8 fungi
  12 plants
576 creatures vanquished.

Grand Total: 1746 creatures vanquished

Notes
Turn   | Place    | Note
-------+----------+-------------------------------------------
     0 | D:1      | Croanthos the Deep Elf Conjurer began the quest for the Orb.
     0 | D:1      | Reached XP level 1. HP: 10/10 MP: 6/6
   136 | D:1      | Reached XP level 2. HP: 15/15 MP: 1/8
   238 | D:1      | Reached skill level 5 in Conjurations
   809 | D:2      | Reached XP level 3. HP: 19/19 MP: 4/9
  1107 | D:2      | Learned a level 2 spell: Searing Ray
  1134 | D:2      | Reached skill level 6 in Conjurations
  1162 | D:2      | Reached XP level 4. HP: 24/24 MP: 4/10
  1767 | D:3      | Found an opulent altar of Gozag.
  1858 | D:3      | Noticed Terence
  1938 | D:3      | Killed Terence
  1938 | D:3      | Reached skill level 7 in Conjurations
  1938 | D:3      | Reached XP level 5. HP: 15/28 MP: 3/11
  1946 | D:3      | Learned a level 4 spell: Fulminant Prism
  2238 | D:3      | Reached skill level 1 in Hexes
  2679 | D:4      | Noticed a centaur
  2802 | D:4      | Noticed gressup's ghost (amateur OpIE)
  2869 | D:4      | Killed gressup's ghost
  2869 | D:4      | Reached skill level 5 in Hexes
  2869 | D:4      | Reached XP level 6. HP: 29/32 MP: 0/12
  3242 | D:4      | Found Fyshudown's Antique Weapon Emporium.
  3605 | D:4      | Reached XP level 7. HP: 4/36 MP: 0/13
  3844 | D:5      | Entered Level 5 of the Dungeon
  4116 | D:5      | Reached skill level 5 in Spellcasting
  4941 | D:6      | Reached XP level 8. HP: 41/41 MP: 15/21
  4962 | D:6      | Found Miteg's Jewellery Boutique.
  5191 | D:6      | Noticed Grinder
  5198 | D:6      | Killed Grinder
  5352 | D:6      | Reached skill level 10 in Spellcasting
  5528 | D:6      | Found a staircase to the Ecumenical Temple.
  5540 | Temple   | Entered the Ecumenical Temple
  5638 | Temple   | Became a worshipper of Vehumet
  5915 | D:7      | Reached skill level 8 in Conjurations
  6009 | D:7      | Noticed Charmandara's ghost (novice DrTm)
  6030 | D:7      | Killed Charmandara's ghost
  6030 | D:7      | Reached skill level 10 in Conjurations
  6030 | D:7      | Reached XP level 9. HP: 33/45 MP: 10/25
  6147 | D:7      | Learned a level 4 spell: Iskenderun's Mystic Blast
  6249 | D:7      | Reached * piety under Vehumet
  6249 | D:7      | Offered knowledge of Sting by Vehumet.
  6435 | D:8      | Noticed charan's ghost (novice TrHu)
  6453 | D:8      | Killed charan's ghost
  6453 | D:8      | Reached skill level 11 in Conjurations
  6638 | D:8      | Reached skill level 12 in Conjurations
  6731 | D:8      | Learned a level 4 spell: Force Lance
  6734 | D:8      | Learned a level 2 spell: Blink
  6791 | D:8      | Reached XP level 10. HP: 50/50 MP: 26/26
  6799 | D:8      | Reached skill level 1 in Translocations
  6854 | D:8      | Offered knowledge of Freeze by Vehumet.
  6905 | D:8      | Reached ** piety under Vehumet
  7446 | D:9      | Offered knowledge of Throw Frost by Vehumet.
  7464 | D:9      | Reached *** piety under Vehumet
  7500 | D:9      | Found a staircase to the Orcish Mines.
  7685 | D:9      | Reached skill level 10 in Hexes
  7688 | D:9      | Noticed a purple ugly thing
  7693 | D:9      | Killed a purple ugly thing
  7694 | D:9      | Offered knowledge of Airstrike by Vehumet.
  7708 | D:9      | Noticed a manticore
  7746 | D:9      | Killed a manticore
  8018 | D:9      | Noticed Erolcha
  8031 | D:9      | Killed Erolcha
  8031 | D:9      | Reached skill level 5 in Dodging
  8169 | D:9      | Reached XP level 11. HP: 54/54 MP: 27/27
  8499 | D:10     | Entered Level 10 of the Dungeon
  8505 | D:10     | Reached **** piety under Vehumet
  8507 | D:10     | Noticed Joseph
  8510 | D:10     | Noticed a cyan ugly thing
  8515 | D:10     | Offered knowledge of Static Discharge by Vehumet.
  8694 | D:10     | Reached skill level 13 in Conjurations
  8787 | D:10     | Killed a cyan ugly thing
  8901 | D:10     | Reached ***** piety under Vehumet
  8901 | D:10     | Offered knowledge of Lee's Rapid Deconstruction by Vehumet.
  8961 | D:10     | Killed Joseph
  8961 | D:10     | Reached skill level 14 in Conjurations
  9090 | D:10     | Killed an unseen horror
  9154 | D:10     | Found a staircase to the Lair.
  9158 | D:10     | Noticed a two-headed ogre
  9162 | D:10     | Killed a two-headed ogre
  9604 | D:11     | Identified a scroll of acquirement
  9605 | D:11     | Got a fine bronze ring
  9617 | D:11     | Learned a level 5 spell: Lee's Rapid Deconstruction
  9621 | D:11     | Identified the ring of the Devil {*Drain MP+9 Int+7 Dex+2 Slay+3} (You acquired it on level 11 of the Dungeon)
  9754 | D:11     | Reached XP level 12. HP: 39/64 MP: 11/28
  9777 | D:11     | Noticed Snorg
  9795 | D:11     | Noticed THUG4L1F3's ghost (journeyman MiGl)
  9873 | D:11     | Found a shattered altar of Ashenzari.
 10042 | D:11     | Found a labyrinth entrance.
 10057 | Lab      | Entered a labyrinth
 10293 | Lab      | Upgraded the game from 0.21-a0-156-g77413b7 to 0.21-a0-163-g3aa3f5d
 10984 | Lab      | Offered knowledge of Fireball by Vehumet.
 10988 | Lab      | Reached skill level 15 in Conjurations
 11129 | Lab      | Noticed a minotaur
 11141 | Lab      | Killed a minotaur
 11156 | Lab      | Got a pitted chain mail
 11282 | D:11     | Noticed a tengu warrior
 11291 | D:11     | Killed a tengu warrior
 11549 | D:11     | Reached skill level 16 in Conjurations
 11635 | D:11     | Noticed a two-headed ogre
 11641 | D:11     | Killed a two-headed ogre
 11719 | Lair:1   | Entered Level 1 of the Lair of Beasts
 11771 | Lair:1   | Found a frozen archway.
 11874 | IceCv    | Entered an ice cave
 11929 | IceCv    | Identified the +4 chain mail of Inaction {SInv} (You found it in a labyrinth)
 11953 | IceCv    | Got a brightly glowing amber ring
 12083 | IceCv    | Reached skill level 17 in Conjurations
 12245 | IceCv    | Reached XP level 13. HP: 69/69 MP: 29/29
 12252 | IceCv    | Learned a level 5 spell: Fireball
 12504 | IceCv    | Offered knowledge of Conjure Ball Lightning by Vehumet.
 12565 | IceCv    | Noticed a frost giant
 12657 | IceCv    | Killed a frost giant
 12680 | IceCv    | Reached skill level 15 in Hexes
 12695 | IceCv    | Reached skill level 1 in Fire Magic
 12896 | Lair:1   | Identified the ring of Liberalism {Ice rElec Str+2 SInv} (You found it in an ice cave)
 13229 | Lair:1   | Reached skill level 5 in Fire Magic
 13756 | Lair:2   | Noticed Harold
 13762 | Lair:2   | Killed Harold
 14239 | Lair:2   | Offered knowledge of Freezing Cloud by Vehumet.
 15076 | Lair:3   | Found a staircase to the Swamp.
 15506 | Lair:4   | Reached skill level 10 in Fire Magic
 15549 | Lair:4   | Reached XP level 14. HP: 74/74 MP: 31/31
 15552 | Lair:4   | Found a staircase to the Snake Pit.
 16303 | Lair:5   | Learned a level 3 spell: Ozocubu's Armour
 16335 | Lair:5   | Noticed Nessos
 16574 | Lair:5   | Offered knowledge of Bolt of Fire by Vehumet.
 16690 | Lair:4   | Learned a level 6 spell: Bolt of Fire
 16753 | Lair:6   | Entered Level 6 of the Lair of Beasts
 16765 | Lair:6   | Reached skill level 1 in Ice Magic
 17321 | Orc:1    | Entered Level 1 of the Orcish Mines
 17425 | Orc:1    | Noticed a stone giant
 17432 | Orc:1    | Killed a stone giant
 17608 | Orc:2    | Entered Level 2 of the Orcish Mines
 17781 | Orc:2    | Noticed blobert's ghost (journeyman MiBe)
 17787 | Orc:2    | Killed blobert's ghost
 18872 | D:12     | Noticed DoubleByte's ghost (journeyman DsGl)
 18890 | D:12     | Killed DoubleByte's ghost
 19068 | D:12     | Offered knowledge of Orb of Destruction by Vehumet.
 19071 | D:12     | Found Zef Xitihiq's Antique Weapon Emporium.
 19282 | D:13     | Found a shimmering altar of Xom.
 19521 | D:13     | Got a jewelled halberd
 19550 | D:13     | Learned a level 7 spell: Orb of Destruction
 20047 | D:13     | Reached XP level 15. HP: 59/78 MP: 5/35
 20351 | D:14     | Got a scorched spear
 20386 | D:14     | Noticed Sonja
 20412 | D:14     | Killed Sonja
 20625 | D:14     | Reached skill level 18 in Conjurations
 21259 | D:14     | Found a gate to the Vaults.
 21873 | D:15     | Entered Level 15 of the Dungeon
 21924 | D:14     | Offered knowledge of Poison Arrow by Vehumet.
 22343 | D:15     | Reached skill level 19 in Conjurations
 22714 | D:15     | Reached skill level 15 in Spellcasting
 22889 | D:15     | Found a staircase to the Depths.
 23688 | Orc:2    | Reached skill level 10 in Dodging
 23796 | Orc:2    | Found Lufol's Food Shoppe.
 23817 | Orc:2    | Reached skill level 5 in Fighting
 23817 | Orc:2    | Reached ****** piety under Vehumet
 23980 | Orc:2    | Found Tuninoph's Armour Shop.
 23988 | Orc:2    | Found Wozxapn's Assorted Antiques.
 23989 | Orc:2    | Found Geuxit's Assorted Antiques.
 24020 | Orc:2    | Bought faintly humming steam dragon scales for 1125 gold pieces
 24030 | Orc:2    | Identified the +3 steam dragon scales "Veinocevua" {rC- Int+3 Dex+2 Slay+4} (You bought it in a shop on level 2 of the Orcish Mines)
 24172 | Orc:2    | Reached XP level 16. HP: 58/87 MP: 13/37
 24282 | Orc:2    | Found a staircase to the Elven Halls.
 24361 | Orc:1    | Noticed Urug
 24366 | Orc:1    | Killed Urug
 24567 | Orc:1    | Offered knowledge of Lehudib's Crystal Spear by Vehumet.
 24567 | Orc:1    | Offered knowledge of Tornado by Vehumet.
 24567 | Orc:1    | Offered knowledge of Ignition by Vehumet.
 24738 | Orc:1    | Identified the +8 halberd "Aloezaph" {freeze, *Rage Dex+8} (You found it on level 13 of the Dungeon)
 24739 | Orc:1    | Identified the +7 spear of Karma {protect, rElec rPois Int+2 Dex+6} (You found it on level 14 of the Dungeon)
 24917 | Lair:5   | Found a staircase to the Slime Pits.
 25022 | Lair:5   | Killed Nessos
 26109 | Lair:6   | Reached skill level 20 in Conjurations
 27357 | Swamp:1  | Entered Level 1 of the Swamp
 29034 | Swamp:2  | Noticed Jorgrun
 29050 | Swamp:2  | Killed Jorgrun
 29322 | Swamp:3  | Noticed Bai Suzhen
 29837 | Swamp:3  | Reached XP level 17. HP: 93/93 MP: 38/38
 29939 | Swamp:3  | Killed Bai Suzhen
 30196 | Swamp:4  | Entered Level 4 of the Swamp
 30529 | Swamp:4  | Got a tattered robe
 30589 | Swamp:3  | Identified the +1 robe of Awe {rF- Str+7 Dex+3} (You found it on level 4 of the Swamp)
 31063 | Swamp:4  | Noticed Nikola
 31079 | Swamp:4  | Killed Nikola
 31266 | Swamp:4  | Reached skill level 15 in Fire Magic
 32294 | Swamp:4  | Got a decaying rune of Zot
 32588 | Snake:1  | Entered Level 1 of the Snake Pit
 33241 | Snake:1  | Noticed Aizul
 33248 | Snake:1  | Killed Aizul
 33363 | Snake:1  | Noticed shinji's ghost (adept HuMo)
 33593 | Snake:1  | HP: 4/93 [shinji's ghost (19)]
 33593 | Snake:1  | Slain by shinji's ghost

Vault maps used:
D:1:      dpeg_arrival_three_bigger_balls
D:2:      serial_glass, glass_columns_a, glass_columns_a, glass_columns_c,
          glass_columns_c, glass_columns_b, glass_columns_a, glass_columns_b,
          glass_columns_b, glass_columns_a, glass_columns_c
D:3:      grunt_gozag_statues, uniq_terence
D:4:      first_bread, serial_shops, shop_fountains
D:6:      temple_hall, serial_shops, shop, kennysheep_nub, uniq_grinder
D:9:      hangedman_cross_veins, hiddenorc2_lemuel, uniq_erolcha
D:10:     minmay_distorted_concentric_squares, lair_entry_dummy, uniq_joseph
D:11:     lemuel_ice_spiral_2, serial_ice, serial_ice_g, serial_ice_m,
          serial_ice_j, serial_ice_h, serial_ice_d, serial_ice_e, serial_ice_b,
          lab_entry_generic, grunt_tengu_nest, ashenzari_altar_1, uniq_snorg
D:12:     serial_shops, shop
D:13:     basic_altar
D:14:     hangedman_vaults_entry_quadrant_bands, nicolae_lava_and_water,
          kennysheep_boxes, uniq_sonja
D:15:     hangedman_depths_entry_civil_slaughter, minmay_misc_feat_encased,
          minmay_gold_behind_fungi
Temple:   kilobyte_greek_temple
Lair:1:   portal_ice_cave_entry_imps, beast_lair_carwin_4, grunt_megastairs_2
Lair:2:   st_stairs_12, uniq_harold
Lair:3:   minmay_swamp_entry_reptiles
Lair:4:   minmay_snake_entry_guardpost_medium, serial_bayou_crossing,
          grunt_megastairs_5, lemuel_fruit_tree
Lair:5:   slaughterhouse, minmay_slime_entry_pillars, uniq_nessos
Lair:6:   hangedman_lair_caniforms_friends, kennysheep_basilisk_garden
Swamp:1:  evilmike_swamp_ruin_wall
Swamp:2:  nicolae_swamp_little_tower, uniq_jorgrun
Swamp:3:  evilmike_swamp_ruin_house_5, uniq_bai_suzhen
Swamp:4:  swamp_icy, swamp_pool1, uniq_nikola
Snake:1:  nicolae_snake_hallway, uniq_aizul
Orc:1:    library_closet, uniq_urug
Orc:2:    st_orc_open, nicolae_orc_damp_corner
Lab:      nicolae_lab_checkerboard, nicolae_lab_garden, nicolae_lab_statue,
          nicolae_lab_arrow, nicolae_lab_blocks, nicolae_lab_x, lab_statue,
          nicolae_lab_stuck, nicolae_lab_plus, nicolae_lab_quarters,
          nicolae_lab_starburst, labyrinth_glass_1, nicolae_lab_dead_end,
          lab_fountain
IceCv:    ice_cave_caverns_03

Skill      XL: |  1  2  3  4  5  6  7  8  9 10 11 12 13 14 15 16 17 |
---------------+----------------------------------------------------+-----
Conjurations   | 5 6 7 10 12 14 17 19 20 | 20.0
Hexes          | 5 7 8 12 13 14 15 | 15.0
Spellcasting   | 7 10 11 14 15 | 15.0
Translocations | 3 |  3.0
Dodging        | 6 8 10 12 | 12.0
Fighting       | 3 5 6 |  6.1
Fire Magic     | 10 11 13 17 | 17.0
Ice Magic      | 4 |  4.0
Charms         | 4 |  4.0
Stealth        | |  2.4

Action                   |  1- 3 |  4- 6 |  7- 9 | 10-12 | 13-15 | 16-18 || total
-------------------------+-------+-------+-------+-------+-------+-------++-------
Melee: Unarmed           |       |    12 |       |       |       |       ||    12
       Short sword       |       |       |     2 |       |       |       ||     2
       Staff             |       |       |       |     5 |    26 |       ||    31
       Spear             |       |       |       |       |       |     3 ||     3
 Cast: Magic Dart        |    57 |    73 |    62 |    37 |       |       ||   229
       Searing Ray       |     1 |    12 |    35 |    30 |    27 |     7 ||   112
       Fulminant Prism   |       |     8 |    39 |   125 |   170 |   207 ||   549
       Iskenderun's Myst |       |       |     4 |   148 |   230 |   180 ||   562
       Blink             |       |       |       |     9 |    11 |     5 ||    25
       Force Lance       |       |       |       |     6 |    83 |   121 ||   210
       Fireball          |       |       |       |       |    17 |    25 ||    42
       Ozocubu's Armour  |       |       |       |       |    14 |     6 ||    20
       Bolt of Fire      |       |       |       |       |    10 |    35 ||    45
       Orb of Destructio |       |       |       |       |    29 |    10 ||    39
Evoke: Wand              |       |     3 |     1 |       |       |       ||     4
  Use: Scroll            |       |       |     2 |    17 |    14 |     9 ||    42
       Potion            |       |       |       |     2 |     3 |     1 ||     6
  Eat: Chunk             |     1 |     8 |    12 |    13 |    42 |    26 ||   102
       Meat ration       |       |       |       |     1 |       |     1 ||     2
       Fruit             |       |       |       |       |     1 |     2 ||     3
Armor: Robe              |       |     5 |    15 |    25 |    26 |    24 ||    95
Dodge: Dodged            |     6 |    37 |    38 |    74 |   124 |   134 ||   413
Block: Shield            |       |       |       |     1 |     2 |       ||     3
